MONTREAL vs TORONTO

Created - Thursday, January 25, 2018 at 05:54

Goals
1 2 3 T
MONTREAL 0 1 0 1
TORONTO 0 3 0 3
Shots
1 2 3 T
MONTREAL 13 6 5 24
TORONTO 10 13 15 38

1st period

No Goal

Penalties :
Nic Dowd (TOR) for Interference (Minor) at 2:46, Micheal Ferland (MON) for Interference (Minor) at 2:46, Mark Borowiecki (TOR) for Holding (Minor) at 7:42, Ryan White (TOR) for Hooking (Minor) at 12:56, Brian Dumoulin (MON) for Holding Stick (Minor) at 18:31

2nd period

1. MONTREAL , Max Pacioretty 20 (Nathan MacKinnon 26, Jason Pominville 19) at 5:56
2. TORONTO , Michal Kempny 2 (Drake Caggiula 11, Ales Hemsky 9) at 6:38
3. TORONTO , Olli Maatta 6 (Nino Niederreiter 22) at 8:56
4. TORONTO , Mark Scheifele 14 (Nino Niederreiter 23) at 10:00

Penalties :
Micheal Ferland (MON) for Interference (Minor) at 11:20, Nathan Beaulieu (MON) for Hooking (Minor) at 19:04

3rd period

No Goal

Penalties :
Tyler Johnson (MON) for Hooking (Minor) at 13:20

Goalie Stats

Robin Lehner (MON), 35 saves from 38 shots - (0.921), L, 23-14-4, 60:00 minutes
Michal Neuvirth (TOR), 23 saves from 24 shots - (0.958), W, 8-9-2, 60:00 minutes

Players Stats for MONTREAL

Player Name              G  A  P  +/- PIM S  H  SB GA TA FO     MP     PP MP  PK MP  
------------------------------------------------------------------------------------
Brian Dumoulin           0  0  0  -1  2   0  1  1  0  0  0/0    24:45   3:08   3:47 
Brian Gionta             0  0  0   0  0   2  0  0  0  0  0/0    12:20   0:00   0:45 
Devin Shore              0  0  0   0  0   1  0  0  0  0  3/5     4:17   0:00   0:00 
Gabriel Dumont           0  0  0   0  0   0  0  0  0  0  0/0     4:17   0:00   0:00 
Jason Demers             0  0  0   0  0   2  3  0  0  0  0/0    21:15   0:50   2:53 
Jason Pominville         0  1  1  -1  0   1  0  0  0  0  0/2    18:24   3:08   0:00 
Marc Staal               0  0  0  -1  0   2  0  2  0  0  0/0    17:53   0:50   3:18 
Max Pacioretty           1  0  1  -1  0   3  2  0  0  0  6/16   26:02   3:08   6:41 
Micheal Ferland          0  0  0   0  4   0  1  0  0  0  0/0     4:15   0:00   0:00 
Nathan Beaulieu          0  0  0   0  2   2  0  0  0  0  0/0    16:29   0:00   0:00 
Nathan MacKinnon         0  1  1  -1  0   2  2  0  0  0  10/23  26:02   3:08   6:41 
Phillip Danault          0  0  0   0  0   1  0  0  0  0  6/13   11:35   0:00   0:00 
Rickard Rakell           0  0  0  -1  0   2  0  0  0  0  1/1    15:49   0:50   0:00 
Sven Andrighetto         0  0  0   0  0   0  1  0  0  0  0/0    12:25   0:50   0:00 
Tobias Enstrom           0  0  0  -1  0   0  0  1  0  0  0/0    13:59   0:00   1:16 
Tyler Johnson            0  0  0  -1  2   2  1  0  0  0  13/17  16:30   0:00   0:30 
Tyler Myers              0  0  0  -1  0   1  3  1  0  0  0/0    25:37   3:08   4:38 
Vincent Trocheck         0  0  0  -1  0   3  3  0  0  0  4/7    18:06   0:50   1:15 

Players Stats for TORONTO

Player Name              G  A  P  +/- PIM S  H  SB GA TA FO     MP     PP MP  PK MP  
------------------------------------------------------------------------------------
Ales Hemsky              0  1  1   1  0   0  0  1  0  0  1/2    14:21   3:24   0:00 
Brayden Point            0  0  0  -1  0   1  0  0  0  0  1/1    17:02   3:46   0:00 
Brent Seabrook           0  0  0   0  0   3  2  0  0  0  0/0    25:10   4:32   2:21 
Drake Caggiula           0  1  1   1  0   0  1  0  0  0  0/0    10:57   0:00   0:00 
Jake Dotchin             0  0  0   1  0   0  1  1  0  0  0/0    16:31   0:00   0:00 
Jarome Iginla            0  0  0   2  0   1  1  0  0  0  0/0    19:03   4:10   0:00 
Joshua Morrissey         0  0  0   0  0   2  4  0  0  0  0/0    25:10   4:32   2:21 
Mark Borowiecki          0  0  0   1  2   0  1  1  0  0  0/0    13:17   0:00   0:00 
Mark Scheifele           1  0  1   2  0   12 1  0  0  0  15/33  22:15   3:46   2:39 
Matt Hendricks           0  0  0   0  0   0  1  0  0  0  0/0     7:01   0:00   0:00 
Michal Kempny            1  0  1   1  0   2  0  2  0  0  0/0    14:55   0:00   1:37 
Nic Dowd                 0  0  0   1  2   1  0  0  0  0  4/10   10:56   0:00   0:00 
Nino Niederreiter        0  2  2   2  0   5  3  0  0  0  2/2    22:15   3:46   2:39 
Olli Maatta              1  0  1   1  0   3  1  1  0  0  0/0    21:32   3:24   1:37 
Pierre-Edouard Bellemare 0  0  0   0  0   2  0  0  0  0  4/8     7:01   0:00   0:00 
Ryan White               0  0  0   0  2   0  0  0  0  0  0/0     7:00   0:00   0:00 
Tomas Hertl              0  0  0  -1  0   4  1  0  0  0  0/0    19:47   4:10   1:19 
Victor Rask              0  0  0  -1  0   2  0  2  0  0  14/28  19:47   4:10   1:19 

3 Stars

1 - Nino Niederreiter (TOR)
2 - Mark Scheifele (TOR)
3 - Olli Maatta (TOR)

Power Play

MONTREAL - 0 on 2 Attempt(s) - 0.00%
TORONTO - 0 on 4 Attempt(s) - 0.00%

Penalty Kill

MONTREAL - 4 on 4 Attempt(s) - 100.00% - Score 0 goal in Penalty Kill
TORONTO - 2 on 2 Attempt(s) - 100.00% - Score 0 goal in Penalty Kill

Team Stat

MONTREAL - Hits : 17 - Faceoff Wins : 43 - Blocked Shots : 5 - Penalty Minutes : 10
TORONTO - Hits : 17 - Faceoff Wins : 41 - Blocked Shots : 8 - Penalty Minutes : 6

Official

Referees : Unknown
Linesman : Unknown

Game Notes

No Game Note

Finance

Level 1 -- Attendance: 6000 (100.00%) -- Ticket Income $408,000
Level 2 -- Attendance: 5000 (100.00%) -- Ticket Income $275,000
Level 3 -- Attendance: 1914 (95.70%) -- Ticket Income $59,334
Level 4 -- Attendance: 2880 (72.00%) -- Ticket Income $63,360
Luxury Box -- Attendance: 1000 (100.00%) -- Ticket Income $135,000
Game was played at the Air Canada Center.
Total Attendance: 16794 (93.30%)
Total Ticket Income: $940,694
Total Income: $940,694

MONTREAL

5 vs 5 Forward 
   Center                   Left Wing                Right Wing               Time % Phy DF OF 
 1 Nathan MacKinnon         Max Pacioretty           Jason Pominville         35     1   2  2  
 2 Tyler Johnson            Vincent Trocheck         Rickard Rakell           30     1   2  2  
 3 Phillip Danault          Brian Gionta             Sven Andrighetto         25     1   2  2  
 4 Devin Shore              Micheal Ferland          Gabriel Dumont           10     1   2  2  

5 vs 5 Defense 
   Defense                  Defense                                           Time % Phy DF OF 
 1 Tyler Myers              Brian Dumoulin                                    35     1   2  2  
 2 Jason Demers             Nathan Beaulieu                                   30     1   2  2  
 3 Marc Staal               Tobias Enstrom                                    25     1   2  2  
 4 Tyler Myers              Brian Dumoulin                                    10     1   2  2  

PowerPlay Forward 
   Center                   Left Wing                Right Wing               Time % Phy DF OF 
 1 Nathan MacKinnon         Max Pacioretty           Jason Pominville         60     1   2  2  
 2 Vincent Trocheck         Rickard Rakell           Sven Andrighetto         40     1   2  2  

PowerPlay Defense
   Defense                  Defense                                           Time % Phy DF OF 
 1 Tyler Myers              Brian Dumoulin                                    60     1   2  2  
 2 Jason Demers             Marc Staal                                        40     1   2  2  

Penalty Kill 4 Players Forward 
   Center                   Wing                     Time % Phy DF OF 
 1 Max Pacioretty           Nathan MacKinnon         60     1   2  2  
 2 Vincent Trocheck         Tyler Johnson            40     1   2  2  

Penalty Kill 4 Players Defense
   Defense                  Defense                  Time % Phy DF OF 
 1 Tyler Myers              Brian Dumoulin           60     1   2  2  
 2 Jason Demers             Marc Staal               40     1   2  2  

Penalty Kill - 3 Players Forward 
   Forward                                           Time % Phy DF OF 
 1 Max Pacioretty                                    60     1   2  2  
 2 Nathan MacKinnon                                  40     1   2  2  

Penalty Kill - 3 Players Defense
   Defense                  Defense                  Time % Phy DF OF 
 1 Tyler Myers              Brian Dumoulin           60     1   2  2  
 2 Jason Demers             Marc Staal               40     1   2  2  

4 vs 4 Forward 
   Center                   Wing                     Time % Phy DF OF 
 1 Max Pacioretty           Nathan MacKinnon         60     1   2  2  
 2 Vincent Trocheck         Tyler Johnson            40     1   2  2  

4 vs 4 Defense
   Defense                  Defense                  Time % Phy DF OF 
 1 Tyler Myers              Brian Dumoulin           60     1   2  2  
 2 Jason Demers             Marc Staal               40     1   2  2  

Last Minutes Offensive
   Center                   Left Wing                Right Wing               Defense                  Defense                  
   Nathan MacKinnon         Max Pacioretty           Jason Pominville         Tyler Myers              Brian Dumoulin           

Last Minutes Defensive
   Center                   Left Wing                Right Wing               Defense                  Defense                  
   Nathan MacKinnon         Max Pacioretty           Jason Pominville         Tyler Myers              Brian Dumoulin           

Goaltenders
Starting : Robin Lehner             
Backup : Garret Sparks            

Extra Forwards
Normal : Devin Shore, Phillip Danault, Brian Gionta - PP : Devin Shore, Phillip Danault - PK : Brian Gionta
Extra Defensemen
Normal : Nathan Beaulieu, Tobias Enstrom, Jason Demers - PP : Nathan Beaulieu - PK : Tobias Enstrom, Jason Demers
Penalty Shots
Max Pacioretty, Nathan MacKinnon, Vincent Trocheck, Tyler Johnson, Rickard Rakell

Scratches
MTL CAP HIT (Suspend)

TORONTO

5 vs 5 Forward 
   Center                   Left Wing                Right Wing               Time % Phy DF OF 
 1 Mark Scheifele           Nino Niederreiter        Jarome Iginla            35     1   2  2  
 2 Victor Rask              Tomas Hertl              Brayden Point            30     1   2  2  
 3 Nic Dowd                 Drake Caggiula           Ales Hemsky              25     1   2  2  
 4 Pierre-Edouard Bellemare Matt Hendricks           Ryan White               10     1   2  2  

5 vs 5 Defense 
   Defense                  Defense                                           Time % Phy DF OF 
 1 Brent Seabrook           Joshua Morrissey                                  35     1   2  2  
 2 Olli Maatta              Jake Dotchin                                      30     1   2  2  
 3 Michal Kempny            Mark Borowiecki                                   25     1   2  2  
 4 Brent Seabrook           Joshua Morrissey                                  10     1   2  2  

PowerPlay Forward 
   Center                   Left Wing                Right Wing               Time % Phy DF OF 
 1 Mark Scheifele           Nino Niederreiter        Brayden Point            60     1   2  2  
 2 Victor Rask              Tomas Hertl              Jarome Iginla            40     1   2  2  

PowerPlay Defense
   Defense                  Defense                                           Time % Phy DF OF 
 1 Brent Seabrook           Joshua Morrissey                                  60     1   2  2  
 2 Olli Maatta              Ales Hemsky                                       40     1   2  2  

Penalty Kill 4 Players Forward 
   Center                   Wing                     Time % Phy DF OF 
 1 Mark Scheifele           Nino Niederreiter        60     1   2  2  
 2 Victor Rask              Tomas Hertl              40     1   2  2  

Penalty Kill 4 Players Defense
   Defense                  Defense                  Time % Phy DF OF 
 1 Brent Seabrook           Joshua Morrissey         60     1   2  2  
 2 Olli Maatta              Michal Kempny            40     1   2  2  

Penalty Kill - 3 Players Forward 
   Forward                                           Time % Phy DF OF 
 1 Mark Scheifele                                    60     1   2  2  
 2 Nino Niederreiter                                 40     1   2  2  

Penalty Kill - 3 Players Defense
   Defense                  Defense                  Time % Phy DF OF 
 1 Brent Seabrook           Joshua Morrissey         60     1   2  2  
 2 Olli Maatta              Michal Kempny            40     1   2  2  

4 vs 4 Forward 
   Center                   Wing                     Time % Phy DF OF 
 1 Mark Scheifele           Nino Niederreiter        60     1   2  2  
 2 Victor Rask              Tomas Hertl              40     1   2  2  

4 vs 4 Defense
   Defense                  Defense                  Time % Phy DF OF 
 1 Brent Seabrook           Joshua Morrissey         60     1   2  2  
 2 Olli Maatta              Jake Dotchin             40     1   2  2  

Last Minutes Offensive
   Center                   Left Wing                Right Wing               Defense                  Defense                  
   Mark Scheifele           Nino Niederreiter        Victor Rask              Brent Seabrook           Joshua Morrissey         

Last Minutes Defensive
   Center                   Left Wing                Right Wing               Defense                  Defense                  
   Mark Scheifele           Nino Niederreiter        Jarome Iginla            Brent Seabrook           Olli Maatta              

Goaltenders
Starting : Michal Neuvirth          
Backup : Brian Elliott            

Extra Forwards
Normal : Tomas Hertl, Drake Caggiula, Pierre-Edouard Bellemare - PP : Tomas Hertl, Drake Caggiula - PK : Matt Hendricks
Extra Defensemen
Normal : Michal Kempny, Jake Dotchin, Olli Maatta - PP : Michal Kempny - PK : Jake Dotchin, Olli Maatta
Penalty Shots
Mark Scheifele, Nino Niederreiter, Victor Rask, Tomas Hertl, Jarome Iginla

Scratches
Jan Rutta (Healthy), TOR Cap Hit (Healthy)

% Time on Ice - MONTREAL

Lines # - Real PCT - Wanted PCT - Time Play
Normal Forward
1 - 33% - 35% - 15:16
2 - 32% - 30% - 14:59
3 - 25% - 25% - 11:35
4 - 9% - 10% - 4:17
Normal Defense
1 - 32% - 35% - 14:57
2 - 36% - 30% - 16:30
3 - 28% - 25% - 12:43
4 - 4% - 10% - 1:57
PP Forward
1 - 79% - 60% - 3:08
2 - 21% - 40% - 0:50
PP Defense
1 - 79% - 60% - 3:08
2 - 21% - 40% - 0:50
PK Forward
1 - 84% - 60% - 6:41
2 - 16% - 40% - 1:15
PK Defense
1 - 58% - 60% - 4:38
2 - 42% - 40% - 3:18
PK3 Forward
1 - 0% - 60%
2 - 0% - 40%
PK3 Defense
1 - 0% - 60%
2 - 0% - 40%
44 Forward
1 - 48% - 60% - 0:57
2 - 52% - 40% - 1:02
44 Defense
1 - 48% - 60% - 0:57
2 - 52% - 40% - 1:02
Last Minute Offensive  - 0:00
Last Minute Defensive  - 0:00
Total
Forward - 60:00
Defense - 60:00

% Time on Ice - TORONTO

Lines # - Real PCT - Wanted PCT - Time Play
Normal Forward
1 - 32% - 35% - 14:53
2 - 29% - 30% - 13:16
3 - 24% - 25% - 10:57
4 - 15% - 10% - 7:01
Normal Defense
1 - 33% - 35% - 15:12
2 - 34% - 30% - 15:48
3 - 29% - 25% - 13:18
4 - 4% - 10% - 1:49
PP Forward
1 - 47% - 60% - 3:46
2 - 53% - 40% - 4:10
PP Defense
1 - 57% - 60% - 4:32
2 - 43% - 40% - 3:24
PK Forward
1 - 67% - 60% - 2:39
2 - 33% - 40% - 1:19
PK Defense
1 - 59% - 60% - 2:21
2 - 41% - 40% - 1:37
PK3 Forward
1 - 0% - 60%
2 - 0% - 40%
PK3 Defense
1 - 0% - 60%
2 - 0% - 40%
44 Forward
1 - 48% - 60% - 0:57
2 - 52% - 40% - 1:02
44 Defense
1 - 64% - 60% - 1:16
2 - 36% - 40% - 0:43
Last Minute Offensive  - 0:00
Last Minute Defensive  - 0:00
Total
Forward - 60:00
Defense - 60:00

Play by Play

1st period


0:01 of 1st period - Nathan MacKinnon wins face-off versus Mark Scheifele in neutral zone.
1:10 of 1st period - Jason Demers is hit by Jarome Iginla and loses puck.
1:21 of 1st period - Tomas Hertl is hit by Vincent Trocheck and loses puck.
2:46 of 1st period - Minor Penalty to Nic Dowd for Interference.
2:46 of 1st period - Minor Penalty to Micheal Ferland for Interference.
2:47 of 1st period - Mark Scheifele wins face-off versus Max Pacioretty in neutral zone.
3:00 of 1st period - Shot by Nino Niederreiter.
3:00 of 1st period - Stopped by Robin Lehner without a rebound.
3:01 of 1st period - Mark Scheifele wins face-off versus Max Pacioretty in MONTREAL zone.
3:20 of 1st period - Shot by Mark Scheifele.
3:20 of 1st period - Stopped by Robin Lehner without a rebound.
3:21 of 1st period - Vincent Trocheck wins face-off versus Victor Rask in MONTREAL zone.
3:40 of 1st period - Shot by Jason Demers.
3:40 of 1st period - Stopped by Michal Neuvirth without a rebound.
3:41 of 1st period - Nino Niederreiter wins face-off versus Max Pacioretty in TORONTO zone.
3:41 of 1st period - Nino Niederreiter is hit by Nathan MacKinnon.
3:55 of 1st period - Shot by Nino Niederreiter.
3:55 of 1st period - Shot Misses the Net.
4:03 of 1st period - Shot by Max Pacioretty.
4:03 of 1st period - Stopped by Michal Neuvirth without a rebound.
4:04 of 1st period - Victor Rask wins face-off versus Vincent Trocheck in TORONTO zone.
4:10 of 1st period - Joshua Morrissey is hit by Jason Demers and loses puck.
4:30 of 1st period - Tyler Johnson is hit by Joshua Morrissey and loses puck.
4:47 of 1st period - Shot by Tomas Hertl.
4:47 of 1st period - Stopped by Robin Lehner without a rebound.
4:48 of 1st period - Nathan MacKinnon wins face-off versus Nic Dowd in MONTREAL zone.
5:23 of 1st period - Icing by Brian Dumoulin.
5:24 of 1st period - Mark Scheifele wins face-off versus Nathan MacKinnon in MONTREAL zone.
5:26 of 1st period - Jarome Iginla is hit by Tyler Myers and loses puck.
5:33 of 1st period - Shot by Nino Niederreiter.
5:33 of 1st period - Stopped by Robin Lehner without a rebound.
5:34 of 1st period - Victor Rask wins face-off versus Tyler Johnson in MONTREAL zone.
5:42 of 1st period - Brayden Point is hit by Jason Demers and loses puck.
6:05 of 1st period - Shot by Brayden Point.
6:05 of 1st period - Deflect By Tomas Hertl.
6:05 of 1st period - Stopped by Robin Lehner without a rebound.
6:06 of 1st period - Devin Shore wins face-off versus Mark Scheifele in MONTREAL zone.
6:21 of 1st period - Michal Kempny is hit by Micheal Ferland and loses puck.
6:38 of 1st period - Shot by Jarome Iginla.
6:38 of 1st period - Deflect By Mark Scheifele.
6:38 of 1st period - Stopped by Robin Lehner without a rebound.
6:39 of 1st period - Brayden Point wins face-off versus Jason Pominville in MONTREAL zone.
6:58 of 1st period - Nathan MacKinnon is hit by Joshua Morrissey and loses puck.
7:18 of 1st period - Off-side.
7:19 of 1st period - Phillip Danault wins face-off versus Pierre-Edouard Bellemare in neutral zone.
7:36 of 1st period - Nathan Beaulieu is hit by Jake Dotchin and loses puck.
7:39 of 1st period - Shot by Phillip Danault.
7:39 of 1st period - Stopped by Michal Neuvirth with a rebound.
7:41 of 1st period - Shot by Nathan Beaulieu.
7:41 of 1st period - Stopped by Michal Neuvirth without a rebound.
7:42 of 1st period - Tyler Johnson wins face-off versus Mark Scheifele in TORONTO zone.
7:42 of 1st period - Minor Penalty to Mark Borowiecki for Holding.
7:43 of 1st period - Nathan MacKinnon wins face-off versus Mark Scheifele in TORONTO zone.
7:52 of 1st period - Shot by Max Pacioretty.
7:52 of 1st period - Stopped by Michal Neuvirth without a rebound.
7:53 of 1st period - Mark Scheifele wins face-off versus Nathan MacKinnon in TORONTO zone.
8:26 of 1st period - Shot by Nathan MacKinnon.
8:26 of 1st period - Shot Misses the Net.
8:34 of 1st period - Shot by Nathan MacKinnon.
8:34 of 1st period - Stopped by Michal Neuvirth without a rebound.
8:35 of 1st period - Vincent Trocheck wins face-off versus Victor Rask in TORONTO zone.
8:36 of 1st period - Shot by Rickard Rakell.
8:36 of 1st period - Shot Misses the Net.
8:43 of 1st period - Shot by Vincent Trocheck.
8:43 of 1st period - Shot Blocked by Victor Rask.
8:45 of 1st period - Shot by Marc Staal.
8:45 of 1st period - Stopped by Michal Neuvirth without a rebound.
8:46 of 1st period - Vincent Trocheck wins face-off versus Mark Scheifele in TORONTO zone.
9:03 of 1st period - Shot by Vincent Trocheck.
9:03 of 1st period - Stopped by Michal Neuvirth without a rebound.
9:04 of 1st period - Victor Rask wins face-off versus Nathan MacKinnon in TORONTO zone.
9:26 of 1st period - Brent Seabrook is hit by Nathan MacKinnon and loses puck.
10:10 of 1st period - Shot by Tyler Johnson.
10:10 of 1st period - Stopped by Michal Neuvirth without a rebound.
10:11 of 1st period - Victor Rask wins face-off versus Phillip Danault in TORONTO zone.
10:40 of 1st period - Shot by Tomas Hertl.
10:40 of 1st period - Stopped by Robin Lehner without a rebound.
10:41 of 1st period - Nathan MacKinnon wins face-off versus Mark Scheifele in MONTREAL zone.
10:41 of 1st period - Nathan MacKinnon is hit by Nino Niederreiter.
10:59 of 1st period - Shot by Mark Scheifele.
10:59 of 1st period - Stopped by Robin Lehner without a rebound.
11:00 of 1st period - Tyler Johnson wins face-off versus Nic Dowd in MONTREAL zone.
11:07 of 1st period - Shot by Vincent Trocheck.
11:07 of 1st period - Shot Misses the Net.
11:33 of 1st period - Shot by Nic Dowd.
11:33 of 1st period - Stopped by Robin Lehner without a rebound.
11:34 of 1st period - Nathan MacKinnon wins face-off versus Mark Scheifele in MONTREAL zone.
11:49 of 1st period - Shot by Nathan MacKinnon.
11:49 of 1st period - Shot Misses the Net.
11:51 of 1st period - Shot by Nathan MacKinnon.
11:51 of 1st period - Shot Misses the Net.
12:07 of 1st period - Shot by Nathan MacKinnon.
12:07 of 1st period - Shot Hit the Post.
12:09 of 1st period - Shot by Tyler Myers.
12:09 of 1st period - Stopped by Michal Neuvirth without a rebound.
12:10 of 1st period - Phillip Danault wins face-off versus Victor Rask in TORONTO zone.
12:22 of 1st period - Icing by Marc Staal.
12:23 of 1st period - Phillip Danault wins face-off versus Pierre-Edouard Bellemare in MONTREAL zone.
12:49 of 1st period - Shot by Olli Maatta.
12:49 of 1st period - Shot Misses the Net.
12:56 of 1st period - Minor Penalty to Ryan White for Hooking.
12:57 of 1st period - Mark Scheifele wins face-off versus Nathan MacKinnon in TORONTO zone.
15:22 of 1st period - Shot by Michal Kempny.
15:22 of 1st period - Stopped by Robin Lehner without a rebound.
15:23 of 1st period - Tyler Johnson wins face-off versus Pierre-Edouard Bellemare in MONTREAL zone.
15:23 of 1st period - Tyler Johnson is hit by Matt Hendricks.
15:36 of 1st period - Pierre-Edouard Bellemare is hit by Vincent Trocheck and loses puck.
15:59 of 1st period - Shot by Rickard Rakell.
15:59 of 1st period - Shot Misses the Net.
17:02 of 1st period - Icing by Mark Scheifele.
17:03 of 1st period - Devin Shore wins face-off versus Mark Scheifele in TORONTO zone.
17:10 of 1st period - Shot by Devin Shore.
17:10 of 1st period - Stopped by Michal Neuvirth without a rebound.
17:11 of 1st period - Victor Rask wins face-off versus Nathan MacKinnon in TORONTO zone.
17:20 of 1st period - Shot by Tomas Hertl.
17:20 of 1st period - Shot Blocked by Tobias Enstrom.
17:42 of 1st period - Shot by Max Pacioretty.
17:42 of 1st period - Deflect By Nathan MacKinnon.
17:42 of 1st period - Shot Blocked by Victor Rask.
17:44 of 1st period - Shot by Marc Staal.
17:44 of 1st period - Stopped by Michal Neuvirth with a rebound.
17:46 of 1st period - Shot by Jason Pominville.
17:46 of 1st period - Shot Misses the Net.
17:54 of 1st period - Shot by Nathan MacKinnon.
17:54 of 1st period - Stopped by Michal Neuvirth without a rebound.
17:55 of 1st period - Tyler Johnson wins face-off versus Nic Dowd in TORONTO zone.
18:06 of 1st period - Shot by Tyler Myers.
18:06 of 1st period - Shot Blocked by Ales Hemsky.
18:31 of 1st period - Minor Penalty to Brian Dumoulin for Holding Stick.
18:32 of 1st period - Max Pacioretty wins face-off versus Mark Scheifele in MONTREAL zone.
18:32 of 1st period - Max Pacioretty is hit by Nino Niederreiter.
18:59 of 1st period - Shot by Brayden Point.
18:59 of 1st period - Shot Misses the Net.
Goals for this period are 0 for MONTREAL vs 0 for TORONTO.
Shots for this period are 13 for MONTREAL vs 10 for TORONTO.

2nd period


0:01 of 2nd period - Nathan MacKinnon wins face-off versus Mark Scheifele in neutral zone.
0:16 of 2nd period - Shot by Joshua Morrissey.
0:16 of 2nd period - Stopped by Robin Lehner without a rebound.
0:17 of 2nd period - Victor Rask wins face-off versus Max Pacioretty in MONTREAL zone.
0:52 of 2nd period - Shot by Vincent Trocheck.
0:52 of 2nd period - Shot Misses the Net.
1:12 of 2nd period - Shot by Tyler Johnson.
1:12 of 2nd period - Stopped by Michal Neuvirth without a rebound.
1:13 of 2nd period - Mark Scheifele wins face-off versus Nathan MacKinnon in TORONTO zone.
2:15 of 2nd period - Off-side.
2:16 of 2nd period - Tyler Johnson wins face-off versus Victor Rask in neutral zone.
3:43 of 2nd period - Shot by Nic Dowd.
3:43 of 2nd period - Shot Blocked by Marc Staal.
4:19 of 2nd period - Icing by Tyler Myers.
4:20 of 2nd period - Nathan MacKinnon wins face-off versus Mark Scheifele in MONTREAL zone.
4:32 of 2nd period - Mark Scheifele is hit by Tyler Myers and loses puck.
4:43 of 2nd period - Shot by Mark Scheifele.
4:43 of 2nd period - Stopped by Robin Lehner without a rebound.
4:44 of 2nd period - Rickard Rakell wins face-off versus Victor Rask in MONTREAL zone.
5:56 of 2nd period - Shot by Max Pacioretty.
5:56 of 2nd period - Goal by Max Pacioretty - MONTREAL : 1 - TORONTO : 0.
5:57 of 2nd period - Mark Scheifele wins face-off versus Phillip Danault in neutral zone.
6:06 of 2nd period - Shot by Mark Scheifele.
6:06 of 2nd period - Shot Misses the Net.
6:08 of 2nd period - Shot by Brent Seabrook.
6:08 of 2nd period - Shot Misses the Net.
6:10 of 2nd period - Shot by Joshua Morrissey.
6:10 of 2nd period - Deflect By Nino Niederreiter.
6:10 of 2nd period - Stopped by Robin Lehner with a rebound.
6:12 of 2nd period - Shot by Brent Seabrook.
6:12 of 2nd period - Shot Misses the Net.
6:14 of 2nd period - Shot by Joshua Morrissey.
6:14 of 2nd period - Stopped by Robin Lehner without a rebound.
6:15 of 2nd period - Nic Dowd wins face-off versus Nathan MacKinnon in MONTREAL zone.
6:34 of 2nd period - Shot by Ales Hemsky.
6:34 of 2nd period - Shot Misses the Net.
6:36 of 2nd period - Shot by Drake Caggiula.
6:36 of 2nd period - Shot Blocked by Brian Dumoulin.
6:38 of 2nd period - Shot by Michal Kempny.
6:38 of 2nd period - Goal by Michal Kempny - MONTREAL : 1 - TORONTO : 1.
6:39 of 2nd period - Mark Scheifele wins face-off versus Phillip Danault in neutral zone.
7:08 of 2nd period - Shot by Mark Scheifele.
7:08 of 2nd period - Stopped by Robin Lehner with a rebound.
7:10 of 2nd period - Shot by Joshua Morrissey.
7:10 of 2nd period - Shot Misses the Net.
7:12 of 2nd period - Shot by Mark Scheifele.
7:12 of 2nd period - Stopped by Robin Lehner with a rebound.
7:14 of 2nd period - Shot by Brent Seabrook.
7:14 of 2nd period - Deflect By Nino Niederreiter.
7:14 of 2nd period - Shot Misses the Net.
8:04 of 2nd period - Shot by Drake Caggiula.
8:04 of 2nd period - Shot Misses the Net.
8:35 of 2nd period - Icing by Max Pacioretty.
8:36 of 2nd period - Pierre-Edouard Bellemare wins face-off versus Jason Pominville in MONTREAL zone.
8:46 of 2nd period - Off-side.
8:47 of 2nd period - Tyler Johnson wins face-off versus Mark Scheifele in neutral zone.
8:56 of 2nd period - Shot by Olli Maatta.
8:56 of 2nd period - Goal by Olli Maatta - MONTREAL : 1 - TORONTO : 2.
8:57 of 2nd period - Victor Rask wins face-off versus Nathan MacKinnon in neutral zone.
9:36 of 2nd period - Brent Seabrook is hit by Max Pacioretty and loses puck.
10:00 of 2nd period - Shot by Mark Scheifele.
10:00 of 2nd period - Goal by Mark Scheifele - MONTREAL : 1 - TORONTO : 3.
10:01 of 2nd period - Tyler Johnson wins face-off versus Nic Dowd in neutral zone.
10:06 of 2nd period - Shot by Tyler Johnson.
10:06 of 2nd period - Shot Blocked by Michal Kempny.
10:16 of 2nd period - Shot by Vincent Trocheck.
10:16 of 2nd period - Shot Blocked by Michal Kempny.
10:31 of 2nd period - Marc Staal is hit by Drake Caggiula and loses puck.
11:17 of 2nd period - Shot by Nathan Beaulieu.
11:17 of 2nd period - Shot Blocked by Olli Maatta.
11:20 of 2nd period - Minor Penalty to Micheal Ferland for Interference.
11:21 of 2nd period - Victor Rask wins face-off versus Max Pacioretty in MONTREAL zone.
11:22 of 2nd period - Shot by Brent Seabrook.
11:22 of 2nd period - Stopped by Robin Lehner without a rebound.
11:23 of 2nd period - Max Pacioretty wins face-off versus Victor Rask in MONTREAL zone.
11:55 of 2nd period - Shot by Joshua Morrissey.
11:55 of 2nd period - Shot Blocked by Tyler Myers.
11:57 of 2nd period - Shot by Brent Seabrook.
11:57 of 2nd period - Stopped by Robin Lehner without a rebound.
11:58 of 2nd period - Max Pacioretty wins face-off versus Mark Scheifele in MONTREAL zone.
11:58 of 2nd period - Nathan MacKinnon is hit by Nino Niederreiter and loses puck.
12:05 of 2nd period - Shot by Mark Scheifele.
12:05 of 2nd period - Shot Misses the Net.
12:13 of 2nd period - Shot by Mark Scheifele.
12:13 of 2nd period - Shot Misses the Net.
13:16 of 2nd period - Shot by Victor Rask.
13:16 of 2nd period - Stopped by Robin Lehner without a rebound.
13:17 of 2nd period - Mark Scheifele wins face-off versus Vincent Trocheck in MONTREAL zone.
13:22 of 2nd period - Shot by Mark Borowiecki.
13:22 of 2nd period - Shot Blocked by Marc Staal.
13:38 of 2nd period - Shot by Brian Gionta.
13:38 of 2nd period - Stopped by Michal Neuvirth without a rebound.
13:39 of 2nd period - Nic Dowd wins face-off versus Devin Shore in TORONTO zone.
14:48 of 2nd period - Shot by Vincent Trocheck.
14:48 of 2nd period - Stopped by Michal Neuvirth without a rebound.
14:49 of 2nd period - Mark Scheifele wins face-off versus Nathan MacKinnon in TORONTO zone.
16:04 of 2nd period - Shot by Victor Rask.
16:04 of 2nd period - Stopped by Robin Lehner with a rebound.
16:20 of 2nd period - Shot by Rickard Rakell.
16:20 of 2nd period - Stopped by Michal Neuvirth without a rebound.
16:21 of 2nd period - Pierre-Edouard Bellemare wins face-off versus Phillip Danault in TORONTO zone.
16:46 of 2nd period - Shot by Brian Gionta.
16:46 of 2nd period - Deflect By Sven Andrighetto.
16:46 of 2nd period - Shot Misses the Net.
16:52 of 2nd period - Shot by Sven Andrighetto.
16:52 of 2nd period - Shot Misses the Net.
17:29 of 2nd period - Icing by Brian Dumoulin.
17:30 of 2nd period - Tyler Johnson wins face-off versus Mark Scheifele in MONTREAL zone.
18:01 of 2nd period - Shot by Tyler Johnson.
18:01 of 2nd period - Shot Misses the Net.
18:41 of 2nd period - Shot by Jason Pominville.
18:41 of 2nd period - Shot Misses the Net.
18:43 of 2nd period - Shot by Jason Pominville.
18:43 of 2nd period - Stopped by Michal Neuvirth without a rebound.
18:44 of 2nd period - Phillip Danault wins face-off versus Victor Rask in TORONTO zone.
18:50 of 2nd period - Icing by Victor Rask.
18:51 of 2nd period - Victor Rask wins face-off versus Phillip Danault in TORONTO zone.
18:51 of 2nd period - Victor Rask is hit by Sven Andrighetto.
19:04 of 2nd period - Minor Penalty to Nathan Beaulieu for Hooking.
19:05 of 2nd period - Nathan MacKinnon wins face-off versus Victor Rask in MONTREAL zone.
19:20 of 2nd period - Icing by Brent Seabrook.
19:21 of 2nd period - Victor Rask wins face-off versus Max Pacioretty in TORONTO zone.
19:48 of 2nd period - Shot by Jarome Iginla.
19:48 of 2nd period - Shot Misses the Net.
Goals for this period are 1 for MONTREAL vs 3 for TORONTO.
Shots for this period are 6 for MONTREAL vs 13 for TORONTO.

3rd period


0:01 of 3rd period - Mark Scheifele wins face-off versus Max Pacioretty in neutral zone.
0:26 of 3rd period - Shot by Brayden Point.
0:26 of 3rd period - Stopped by Robin Lehner without a rebound.
0:27 of 3rd period - Victor Rask wins face-off versus Max Pacioretty in MONTREAL zone.
1:35 of 3rd period - Shot by Pierre-Edouard Bellemare.
1:35 of 3rd period - Stopped by Robin Lehner without a rebound.
1:36 of 3rd period - Mark Scheifele wins face-off versus Phillip Danault in MONTREAL zone.
1:37 of 3rd period - Shot by Nino Niederreiter.
1:37 of 3rd period - Stopped by Robin Lehner without a rebound.
1:38 of 3rd period - Phillip Danault wins face-off versus Victor Rask in MONTREAL zone.
1:57 of 3rd period - Shot by Tyler Myers.
1:57 of 3rd period - Shot Blocked by Mark Borowiecki.
1:59 of 3rd period - Shot by Brian Gionta.
1:59 of 3rd period - Stopped by Michal Neuvirth with a rebound.
2:22 of 3rd period - Icing by Mark Borowiecki.
2:23 of 3rd period - Victor Rask wins face-off versus Nathan MacKinnon in TORONTO zone.
2:23 of 3rd period - Victor Rask is hit by Max Pacioretty.
2:33 of 3rd period - Tobias Enstrom is hit by Tomas Hertl and loses puck.
2:47 of 3rd period - Max Pacioretty is hit by Brent Seabrook and loses puck.
2:58 of 3rd period - Shot by Mark Scheifele.
2:58 of 3rd period - Stopped by Robin Lehner without a rebound.
2:59 of 3rd period - Nic Dowd wins face-off versus Tyler Johnson in MONTREAL zone.
3:04 of 3rd period - Shot by Drake Caggiula.
3:04 of 3rd period - Shot Misses the Net.
3:33 of 3rd period - Shot by Vincent Trocheck.
3:33 of 3rd period - Stopped by Michal Neuvirth with a rebound.
3:37 of 3rd period - Shot by Tyler Johnson.
3:37 of 3rd period - Shot Blocked by Jake Dotchin.
3:50 of 3rd period - Icing by Olli Maatta.
3:51 of 3rd period - Nic Dowd wins face-off versus Nathan MacKinnon in TORONTO zone.
4:07 of 3rd period - Max Pacioretty is hit by Brent Seabrook and loses puck.
4:11 of 3rd period - Icing by Jarome Iginla.
4:12 of 3rd period - Mark Scheifele wins face-off versus Phillip Danault in TORONTO zone.
4:46 of 3rd period - Shot by Phillip Danault.
4:46 of 3rd period - Shot Misses the Net.
5:19 of 3rd period - Max Pacioretty is hit by Mark Borowiecki and loses puck.
5:34 of 3rd period - Icing by Tomas Hertl.
5:35 of 3rd period - Victor Rask wins face-off versus Tyler Johnson in TORONTO zone.
5:35 of 3rd period - Victor Rask is hit by Tyler Johnson.
5:44 of 3rd period - Tomas Hertl is hit by Jason Demers and loses puck.
5:55 of 3rd period - Shot by Rickard Rakell.
5:55 of 3rd period - Stopped by Michal Neuvirth with a rebound.
5:57 of 3rd period - Shot by Jason Demers.
5:57 of 3rd period - Stopped by Michal Neuvirth with a rebound.
5:59 of 3rd period - Shot by Nathan Beaulieu.
5:59 of 3rd period - Stopped by Michal Neuvirth without a rebound.
6:00 of 3rd period - Nathan MacKinnon wins face-off versus Nic Dowd in TORONTO zone.
6:00 of 3rd period - Max Pacioretty is hit by Joshua Morrissey and loses puck.
6:04 of 3rd period - Icing by Brent Seabrook.
6:05 of 3rd period - Ales Hemsky wins face-off versus Nathan MacKinnon in TORONTO zone.
7:04 of 3rd period - Mark Scheifele is hit by Tyler Myers and loses puck.
7:21 of 3rd period - Shot by Mark Scheifele.
7:21 of 3rd period - Stopped by Robin Lehner without a rebound.
7:22 of 3rd period - Tyler Johnson wins face-off versus Victor Rask in MONTREAL zone.
7:38 of 3rd period - Icing by Jason Demers.
7:39 of 3rd period - Pierre-Edouard Bellemare wins face-off versus Tyler Johnson in MONTREAL zone.
7:43 of 3rd period - Icing by Jason Demers.
7:44 of 3rd period - Tyler Johnson wins face-off versus Mark Scheifele in MONTREAL zone.
8:12 of 3rd period - Shot by Nino Niederreiter.
8:12 of 3rd period - Stopped by Robin Lehner with a rebound.
8:19 of 3rd period - Jason Demers is hit by Joshua Morrissey.
9:16 of 3rd period - Shot by Phillip Danault.
9:16 of 3rd period - Shot Misses the Net.
9:40 of 3rd period - Shot by Nathan MacKinnon.
9:40 of 3rd period - Shot Hit the Post.
10:13 of 3rd period - Off-side.
10:14 of 3rd period - Nino Niederreiter wins face-off versus Devin Shore in neutral zone.
10:32 of 3rd period - Shot by Brent Seabrook.
10:32 of 3rd period - Stopped by Robin Lehner with a rebound.
10:34 of 3rd period - Shot by Joshua Morrissey.
10:34 of 3rd period - Shot Misses the Net.
11:04 of 3rd period - Icing by Nathan Beaulieu.
11:05 of 3rd period - Devin Shore wins face-off versus Nic Dowd in MONTREAL zone.
12:03 of 3rd period - Icing by Joshua Morrissey.
12:04 of 3rd period - Pierre-Edouard Bellemare wins face-off versus Nathan MacKinnon in TORONTO zone.
13:01 of 3rd period - Shot by Nino Niederreiter.
13:01 of 3rd period - Shot Misses the Net.
13:03 of 3rd period - Shot by Nino Niederreiter.
13:03 of 3rd period - Shot Misses the Net.
13:05 of 3rd period - Shot by Olli Maatta.
13:05 of 3rd period - Stopped by Robin Lehner without a rebound.
13:06 of 3rd period - Tyler Johnson wins face-off versus Victor Rask in MONTREAL zone.
13:20 of 3rd period - Minor Penalty to Tyler Johnson for Hooking.
13:21 of 3rd period - Vincent Trocheck wins face-off versus Mark Scheifele in MONTREAL zone.
13:21 of 3rd period - Vincent Trocheck is hit by Mark Scheifele.
13:27 of 3rd period - Mark Scheifele is hit by Vincent Trocheck.
13:45 of 3rd period - Shot by Mark Scheifele.
13:45 of 3rd period - Stopped by Robin Lehner without a rebound.
13:46 of 3rd period - Max Pacioretty wins face-off versus Victor Rask in MONTREAL zone.
14:19 of 3rd period - Shot by Tomas Hertl.
14:19 of 3rd period - Stopped by Robin Lehner without a rebound.
14:20 of 3rd period - Mark Scheifele wins face-off versus Vincent Trocheck in MONTREAL zone.
14:23 of 3rd period - Shot by Mark Scheifele.
14:23 of 3rd period - Stopped by Robin Lehner with a rebound.
14:27 of 3rd period - Shot by Mark Scheifele.
14:27 of 3rd period - Stopped by Robin Lehner without a rebound.
14:28 of 3rd period - Max Pacioretty wins face-off versus Mark Scheifele in MONTREAL zone.
14:39 of 3rd period - Shot by Olli Maatta.
14:39 of 3rd period - Stopped by Robin Lehner without a rebound.
14:40 of 3rd period - Mark Scheifele wins face-off versus Max Pacioretty in MONTREAL zone.
15:12 of 3rd period - Off-side.
15:13 of 3rd period - Victor Rask wins face-off versus Max Pacioretty in neutral zone.
15:16 of 3rd period - Shot by Jarome Iginla.
15:16 of 3rd period - Stopped by Robin Lehner without a rebound.
15:17 of 3rd period - Max Pacioretty wins face-off versus Victor Rask in MONTREAL zone.
15:39 of 3rd period - Off-side.
15:40 of 3rd period - Tyler Johnson wins face-off versus Mark Scheifele in neutral zone.
16:55 of 3rd period - Shot by Max Pacioretty.
16:55 of 3rd period - Shot Misses the Net.
16:58 of 3rd period - Icing by Olli Maatta.
16:59 of 3rd period - Phillip Danault wins face-off versus Victor Rask in TORONTO zone.
16:59 of 3rd period - Sven Andrighetto is hit by Olli Maatta and loses puck.
18:03 of 3rd period - Icing by Max Pacioretty.
18:04 of 3rd period - Nathan MacKinnon wins face-off versus Pierre-Edouard Bellemare in MONTREAL zone.
18:33 of 3rd period - Shot by Pierre-Edouard Bellemare.
18:33 of 3rd period - Stopped by Robin Lehner with a rebound.
18:54 of 3rd period - Pierre-Edouard Bellemare is hit by Brian Dumoulin and loses puck.
19:28 of 3rd period - Icing by Vincent Trocheck.
19:29 of 3rd period - Tyler Johnson wins face-off versus Ales Hemsky in MONTREAL zone.
Goals for this period are 0 for MONTREAL vs 0 for TORONTO.
Shots for this period are 5 for MONTREAL vs 15 for TORONTO.